 Dungeon Crawl Stone Soup version 0.30-a0-778-g2ef04afb54 (webtiles) character file.

Game seed: 16615332702617239300

7 Esekla the Sneak (level 2, 21/21 HPs)
             Began as an Octopode Delver on Feb 16, 2023.
             Quit the game on level 5 of the Dungeon.
             The game lasted 00:00:40 (73 turns).

Esekla the Sneak (Octopode Delver)                    Turns: 73, Time: 00:00:40

Health: 21/21      AC:  1    Str: 11    XL:     2   Next: 4%
Magic:  2/2        EV: 13    Int: 12    God:
Gold:   24         SH:  0    Dex: 13    Spells: 1/1 levels left

rFire   . . .      SeeInvis .    a - +0 falchion
rCold   . . .      Faith    .    (no shield)
rNeg    . . .      Spirit   .    (helmet restricted)
rPois   .          Reflect  .    (no amulet)
rElec   .          Harm     .    (no ring)
rCorr   .          Rampage  .    (no ring)
Will    .....                    (no ring)
Stlth   ++++                     (no ring)
HPRegen 0.23/turn                (no ring)
MPRegen 0.08/turn                (no ring)
                                 (no ring)
                                 (no ring)

@: no status effects
A: almost no armour, amphibious, 8 rings, camouflage 1, gelatinous body 1,
(nimble swimmer 1), tentacles
a: no special abilities


You were on level 5 of the Dungeon.
You visited 1 branch of the dungeon, and saw 1 of its levels.

You collected 24 gold pieces.

Inventory:

Hand Weapons
 a - a +0 falchion (weapon)
Wands
 f - a wand of digging (3)
Scrolls
 b - a scroll of fog
 d - a scroll of fear
Potions
 c - a potion of curing {unknown}
 e - a potion of haste


   Skills:
 * Level 3.1 Fighting
 * Level 2.1 Long Blades
 * Level 2.1 Dodging
 + Level 6.8 Stealth
 * Level 0.2 Spellcasting


You had one spell level left.
You didn't know any spells.
Your spell library was empty.

Dungeon Overview and Level Annotations

Branches:
Dungeon (5/15)
 Temple: D:4-7

Altars:

Shops:
D:5 [


Innate Abilities, Weirdness & Mutations

You cannot wear most types of armour.
You are amphibious.
You can wear up to eight rings at the same time.
Your skin changes colour to match your surroundings (Stealth+).
Your rubbery body absorbs attacks. (AC +1, EV +1)
((You are camouflaged when in or above water. (Stealth+)))
You have tentacles for arms and can constrict up to eight enemies at once.


Message History

Welcome, Esekla the Octopode Delver.
Below lies the Orb of Zot, rumoured to be powerful enough to resurrect a god...
Press ? for a list of commands and other information.
Found a stone staircase leading down.
Found 15 gold pieces.
You now have 15 gold pieces.
As you read the scroll of magic mapping, it crumbles to dust.
You feel aware of your surroundings.
You sensed 1 shop/portal.
Found a black potion.
Found an escape hatch in the floor.
c - a black potion A white imp comes into view.
The white imp shouts, "Crawl home, thou surly weather-bitten strumpet!"
The white imp misses you.
You barely miss the white imp. You grab the white imp.
You constrict the white imp, but do no damage.
The white imp closely misses you.
You barely miss the white imp. You squeeze the white imp.
The white imp is heavily wounded.
You constrict the white imp. The white imp hits you. The white imp freezes you.
You hit the white imp but do no damage. You squeeze the white imp.
You kill the white imp!
You have reached level 2!
Found a stone staircase leading down.
Found Lume's Armour Shop.
Found 9 gold pieces.
You now have 24 gold pieces (gained 9).
There is an entrance to Lume's Armour Shop here.
Are you sure you want to abandon this character and quit the game? (Confirm with "yes".)

*,*#..,,,,,,,,,,,,,*,******
******,*#..##*********,**,***,*
*,,,**,*#....,,,,,,,,,,**,*,,,*
**,,,##.##...############*,*.#,*
,,,,,.....>.............#,...#,*
**,,,*#.##.#.##########.#....#,**
*******,**,#.#.................,,
,,,,,,,,**,#.#.#.#.........#.#.**
**********,#.#..@..........#,*,*
#.#.#.#.#.........#,*,*
#.#.#.............#,*,*
#.#.#.............#<*,*
#.#.#.............#**,*
#.#.##########.#....,,* #.#.#
*.#.###**** ***#######.#.#
*,*,,,,,,,, ,,,..........#
*,*********


There were no monsters in sight!

Vanquished Creatures
  A white imp (D:5)
1 creature vanquished.

Notes
Turn   | Place    | Note
-------+----------+-------------------------------------------
     0 | D:5      | Esekla the Octopode Delver began the quest for the Orb.
     0 | D:5      | Reached XP level 1. HP: 16/16 MP: 1/1
    40 | D:5      | Reached XP level 2. HP: 18/21 MP: 2/2
    61 | D:5      | Found Lume's Armour Shop.
    73 | D:5      | Quit the game

Illustrated notes

Levels and vault maps discovered:
D:5:      layout_basic, serial_shops, nicolae_shop_crystal,
          dilly_guarded_unrand_devastator

Action                     || total
---------------------------++-------
  Melee: Falchion          ||     3
         Tentacles         ||     2
         Constrict         ||     1
    Use: Scroll            ||     1
  Dodge: Dodged            ||     2

Table legend: (Time is in decaauts)
 A = Elapsed time spent in this place.
 B = Non-inter-level travel time spent in this place.
 C = Inter-level travel time spent in this place.
 D = Time resting spent in this place.
 E = Time spent auto-exploring this place.
 F = Levels seen in this place.
 G = Mean time per level.
                   A        B        C        D        E       F      G
               +--------+--------+--------+--------+--------+-----+--------+
         Total |     73 |     73 |      0 |      0 |      0 |   1 |   73.0 |
       Dungeon |     73 |     73 |      0 |      0 |      0 |   1 |   73.0 |
               +--------+--------+--------+--------+--------+-----+--------+

Top non-repeatable levels by time:
     D:5: 73 daAuts
